Map: 블랙핑크 - 래더

Players

Cure

  • Race: Terran Terran
  • League: Master
  • Spawn Location: 7:00

ROOTherO (herO) - Winner!

  • Race: Protoss Protoss
  • League: Grandmaster
  • Spawn Location: 1:00

VOD

Have the link to the VOD?

Description

Time

  • Played on: Dec. 22, 2017, 3:23 a.m.
  • Length: 7:50
Show
View Real Time Build Order
Export as new Build Order

Cure Terran 

Build Orders: Gas First Reaper Expand, Reaper Expand, MMM Bio 

Get SALT Encoding   

  12  0:00  SCV  
  13  0:13  SCV  
  14  0:17  Supply Depot  
  14  0:25  SCV  
  14  0:27  Refinery  
  15  0:38  SCV  
  16  0:43  Barracks  
  16  0:50  SCV  
  17  1:02  SCV  
  18  1:15  SCV  
  19  1:30  Reaper, Orbital Command  
  20  1:41  Command Center  
  20  1:54  Factory  
  20  1:56  SCV  
  21  2:03  Refinery  
  21  2:04  Barracks Reactor  
  21  2:08  SCV  
  21  2:14  Supply Depot  
  22  2:20  SCV  
  23  2:36  SCV  
  24  2:38  Starport  
  24  2:45  Hellion x2  
  24  2:48  SCV  
  29  2:52  Barracks Tech Lab  
  29  2:58  Orbital Command  
  29  3:00  SCV  
  30  3:10  Widow Mine x2  
  35  3:12  SCV  
  35  3:16  Medivac  
  37  3:22  Supply Depot  
  37  3:25  SCV  
  37  3:27  SCV  
  39  3:33  Widow Mine x2  
  43  3:38  SCV  
  43  3:39  SCV  
  43  3:41  Marine  
  46  3:43  Supply Depot  
  46  3:50  SCV  
  46  3:51  SCV  
  48  3:58  Marine  
  48  3:59  Stimpack  
  48  4:02  Supply Depot  
  49  4:04  SCV x2  
  49  4:07  Factory Tech Lab  
  49  4:08  Engineering Bay  
  51  4:16  SCV x2, Marine  
  54  4:22  Starport Reactor  
  54  4:25  Barracks  
  54  4:28  SCV x2, Barracks  
  56  4:34  Marine  
  53  4:40  SCV x2, Siege Tank  
  53  4:44  Bunker  
  56  4:47  Refinery  
  56  4:48  Terran Infantry Weapons Level 1  
  56  4:52  SCV x2, Marine  
  55  4:57  Supply Depot  
  55  5:04  SCV  
  55  5:05  SCV  
  55  5:06  Starport Reactor  
  57  5:10  Marine  
  57  5:12  Siege Tank  
  57  5:14  Marine x2  
  58  5:21  Marine x2  
  58  5:23  Barracks  
  58  5:24  Barracks  
  58  5:27  Supply Depot  
  60  5:29  Marine  
  60  5:31  Marine  
  60  5:32  SCV x2, Marine  
  65  5:35  Supply Depot  
  65  5:39  Marine x2  
  67  5:44  Supply Depot, Siege Tank  
  67  5:48  Refinery  
  74  5:50  Marine x2  
  74  5:51  Marauder  
  74  5:57  Marine x2  
  74  5:59  Combat Shields  
  74  6:00  Medivac, Supply Depot  
  74  6:02  Medivac  
  80  6:06  Supply Depot  
  80  6:11  Marine x2, Barracks Tech Lab x2  
  82  6:14  Marauder  
  84  6:19  Marine x2  
  84  6:22  Factory Reactor  
  84  6:23  Supply Depot  
  86  6:27  Concussive Shells, Marauder  
  86  6:28  Marine x2  
  86  6:30  Marauder  
  92  6:35  Marauder  
  92  6:37  Marine x2  
  96  6:41  Supply Depot  
  96  6:42  Medivac  
  96  6:44  Medivac  
  100  6:51  Marine x2  
  100  6:52  Marauder x2  
  106  6:54  Marine  
  106  6:57  Marauder  
  106  6:59  Marine  
  107  7:03  Widow Mine x2  
  99  7:14  Marine x2  
  99  7:15  Marauder x2  
  97  7:18  Marauder  
  91  7:27  Marine  
Show
View Real Time Build Order
Export as new Build Order

ROOTherO Protoss - Winner!

Build Orders: 1 Gate Expand, Blink Stalkers 

Get SALT Encoding   

  12  0:00  Probe  
  13  0:12  Probe  
  14  0:18  Pylon  
  14  0:24  Probe  
  15  0:37  Probe (Chrono Boost)  
  15  0:40  Gateway  
  16  0:44  Assimilator  
  16  0:49  Probe (Chrono Boost)  
  17  0:54  Probe (Chrono Boost)  
  18  1:03  Probe  
  19  1:15  Probe  
  20  1:22  Nexus  
  20  1:35  Cybernetics Core  
  20  1:36  Probe  
  21  1:42  Assimilator  
  21  1:48  Probe  
  21  1:51  Pylon  
  22  2:00  Probe  
  23  2:08  Stalker (Chrono Boost)  
  23  2:12  Probe, Warp Gate  
  26  2:21  Twilight Council  
  26  2:24  Probe  
  27  2:31  Stalker  
  27  2:34  Probe (Chrono Boost)  
  27  2:36  Probe (Chrono Boost)  
  32  2:45  Probe (Chrono Boost)  
  32  2:46  Probe (Chrono Boost)  
  32  2:50  Probe (Chrono Boost)  
  32  2:51  Probe (Chrono Boost)  
  33  2:52  Blink (Chrono Boost)  
  35  3:01  Probe  
  35  3:03  Probe  
  37  3:07  Stalker  
  39  3:13  Probe  
  39  3:15  Probe  
  41  3:20  Gateway  
  41  3:25  Gateway  
  41  3:28  Probe x2  
  43  3:35  Pylon  
  43  3:37  Stalker  
  43  3:40  Probe  
  46  3:44  Pylon  
  46  3:51  Robotics Facility  
  46  3:53  Probe  
  46  3:54  Probe  
  48  4:00  Pylon  
  48  4:08  Probe x2  
  50  4:22  Stalker x3  
  51  4:38  Probe x2  
  54  4:46  Nexus  
  54  4:51  Probe x2  
  55  4:58  Pylon  
  55  4:59  Stalker x3  
  61  5:04  Probe x2  
  63  5:08  Assimilator x2  
  63  5:10  Warp Prism  
  63  5:15  Charge (Chrono Boost)  
  63  5:16  Probe x2  
  67  5:28  Probe x2  
  68  5:33  Gateway  
  68  5:34  Gateway  
  69  5:38  Gateway  
  69  5:43  Gateway  
  69  5:45  Gateway  
  69  5:49  Observer  
  70  5:52  Zealot x2  
  70  5:56  Zealot  
  76  6:03  Pylon  
  76  6:05  Probe x3  
  80  6:12  Immortal (Chrono Boost)  
  80  6:16  Pylon  
  83  6:24  Zealot x3  
  89  6:28  Probe x3  
  92  6:33  Pylon x2  
  91  6:54  Zealot x5  
  91  6:55  Zealot x3  
  91  6:59  Pylon  
  107  7:01  Immortal (Chrono Boost)  
  107  7:15  Zealot x2  
  107  7:16  Zealot x4  
  107  7:21  Zealot x2  
  75  7:45  Zealot x8  
Tags
 
Add a new tag
Caveats
  • Supply blocks, unpowered buildings, or Contaminate may cause inaccurate times.
  • Supply counts are checked every 10 seconds.